 Dungeon Crawl Stone Soup version 0.19-a0-1792-g28b16ba (webtiles) character file.

24 Amnesiac the Magician (level 2, 0/19 HPs)
             Began as a Mummy Wizard on Oct 5, 2016.
             Slain by a rat (2 damage)
             ... on level 1 of the Dungeon.
             The game lasted 00:05:30 (922 turns).

Amnesiac the Magician (Mummy Wizard)                 Turns: 922, Time: 00:05:30

Health: 0/19       AC:  3    Str: 10    XL:     2   Next: 79%
Magic:  0/6        EV: 12    Int: 17    God:
Gold:   29         SH:  0    Dex: 10    Spells: 2 memorised, 5 levels left

rFire  x . .     SeeInvis .     (no weapon)
rCold  + . .     Gourm    .     a - +0 robe
rNeg   + + +     Faith    .     (no shield)
rPois  ∞         Spirit   .     b - +0 hat
rElec  .         Dismiss  .     (no cloak)
rCorr  .         Reflect  .     (no gloves)
MR     .....     Harm     .     f - +0 pair of boots
Stlth  ++........               (no amulet)
                                (no ring)
                                (no ring)

@: very slightly contaminated
A: no food or potions, fire vulnerability, cold resistance 1, negative energy
resistance 3, torment resistance, unbreathing
a: no special abilities


You were on level 1 of the Dungeon.
You were not hungry.

You visited 1 branch of the dungeon, and saw 2 of its levels.

You collected 29 gold pieces.

Inventory:

Missiles
 e - 4 curare-tipped needles
Armour
 a - a +0 robe (worn)
 b - a +0 hat (worn)
 f - a +0 pair of boots (worn)
Scrolls
 d - 2 scrolls of identify {unknown}
Books
 c - a book of Minor Magic

   Spells                             Type                      Level
   a - Magic Dart                     Conjuration                  1
   b - Blink                          Translocation                2
   c - Call Imp                       Summoning                    2
   d - Repel Missiles                 Charms/Air                   2
   e - Slow                           Hexes                        2
   f - Conjure Flame                  Conjuration/Fire             3
   g - Mephitic Cloud                 Conjuration/Poison/Air       3


   Skills:
 - Level 1.5 Dodging
 - Level 1.5 Stealth
 + Level 3.8 Spellcasting
 - Level 1.0 Conjurations
 - Level 0.7 Summonings
   Level 0.7 Translocations


You had 5 spell levels left.
You knew the following spells:

 Your Spells              Type           Power        Failure   Level  Hunger
d - Call Imp              Summ           #.......     21%         2    N/A
f - Magic Dart            Conj           #...         14%         1    N/A

Dungeon Overview and Level Annotations

Branches:
Dungeon (2/15)

Altars:

Annotations:
D:2 Natasha


Innate Abilities, Weirdness & Mutations

You do not eat or drink.
Your flesh is vulnerable to fire.
You are immune to poison.
Your flesh is cold resistant. (rC+)
You are immune to negative energy. (rN+++)
You are immune to unholy pain and torment.
You can survive without breathing.


Message History

What are your orders? t - Shout!
Orders for allies: a - Attack new target. p - Attack previous target. r - Retreat! s - Stop attacking. g - Guard the area. f - Follow me.
Anything else - Cancel.
Gang up on whom?
Press: ? - help, Dir - move target cursor, f/p - leopard gecko
Aim: a leopard gecko (heavily wounded) Attack!
The bat barely misses your crimson imp.
The bat hits your crimson imp but does no damage.
The leopard gecko bites you.
* * * LOW HITPOINT WARNING * * *
The rat barely misses you.
Your crimson imp blinks!
The leopard gecko bites you.
* * * LOW HITPOINT WARNING * * *
Unknown command.
The rat bites you.
You die... ..... ..#.g ####.#.#####.... .....#.......##### .####...##...##...## .r........>..#.....# ####...###.##.....# #..§# ..#.....# #blr#

..##...##
#.@.#.######'######
#####..............
######.########
#####..# ##...##.#
#.....#.##
#..<..'.⌠#
#.....#.##
##...##.#


You could see a leopard gecko, a bat and a rat.

Vanquished Creatures
  An ooze (D:2)
  A leopard gecko (D:1)
  A giant cockroach (D:2)
  A goblin (D:1)
  2 hobgoblins
  A kobold (D:2)
  3 bats (D:2)
  A frilled lizard (D:2)
  A rat (D:2)
12 creatures vanquished.

Vanquished Creatures (collateral kills)
  An adder (D:2)
1 creature vanquished.

Grand Total: 13 creatures vanquished

Notes
Turn   | Place    | Note
-------+----------+-------------------------------------------
     0 | D:1      | Amnesiac the Mummy Wizard began the quest for the Orb.
     0 | D:1      | Reached XP level 1. HP: 13/13 MP: 4/4
   105 | D:1      | Reached skill level 1 in Conjurations
   349 | D:2      | Noticed Natasha
   423 | D:2      | Reached XP level 2. HP: 10/19 MP: 0/6
   427 | D:2      | Learned a level 2 spell: Call Imp
   922 | D:1      | Slain by a rat

Vault maps used:
D:1:      noname_arrival_rooms_in_the_neighbourhood
D:2:      serial_bayou_pond_c, minmay_pentomino_q2, uniq_natasha

Skill      XL: |  1 |
---------------+----+-----
Conjurations   | 1 |  1.0
Dodging        | |  1.5
Stealth        | |  1.5
Spellcasting   | |  3.8
Summonings     | |  0.7
Translocations | |  0.7

Action                   || total
-------------------------++-------
Melee: Unarmed           ||    26
 Cast: Magic Dart        ||    42
       Call Imp          ||     3
Armor: Robe              ||    21
Dodge: Dodged            ||    32
